 Dungeon Crawl Stone Soup version 0.18.1-48-g4cf74bf (webtiles) character file.

1183 Alarkh the Archer (level 8, -1/56 HPs)
             Began as a Mummy Hunter on Sept 4, 2016.
             Slain by a yak (13 damage)
             ... on level 4 of the Dungeon.
             The game lasted 00:09:13 (4314 turns).

Alarkh the Archer (Mummy Hunter)                    Turns: 4314, Time: 00:09:14

Health: -1/56      AC:  7    Str: 16    XL:     8   Next: 19%
Magic:  0/8        EV: 11    Int: 12    God:
Gold:   154        SH:  0    Dex: 12    Spells: 0 memorised, 7 levels left

rFire  x . .     SeeInvis .     b - +3 quarterstaff (chaos)
rCold  + + .     Gourm    .     c - +0 leather armour
rNeg   + + +     Faith    .     (shield currently unavailable)
rPois  ∞         Spirit   +     o - +0 helmet
rElec  .         Dismiss  .     l - +1 cloak
rCorr  .         Reflect  .     f - +0 pair of gloves
SustAt .         Harm     .     (no boots)
MR     +....                    n - amulet of guardian spirit
Stlth  +.........               (no ring)
                                s - ring of protection from cold

@: somewhat resistant to hostile enchantments, very unstealthy
A: no food or potions, fire vulnerability, cold resistance 1, negative energy
resistance 3, torment resistance, unbreathing
a: no special abilities


You were on level 4 of the Dungeon.
You were not hungry.

You visited 1 branch of the dungeon, and saw 5 of its levels.

You collected 154 gold pieces.

Inventory:

Hand Weapons
 a - a +0 shortbow of freezing
 b - a +3 quarterstaff of chaos (weapon)
 m - a +0 short sword
 p - a +2 vampiric spear
 q - a +1 shortbow
Missiles
 d - 30 arrows
 u - a throwing net (quivered)
Armour
 c - a +0 leather armour (worn)
 f - a +0 pair of gloves (worn)
 i - a +0 cloak
 l - a +1 cloak (worn)
 o - a +0 helmet (worn)
Jewellery
 n - an amulet of guardian spirit (around neck)
 r - an uncursed amulet of magic regeneration
 s - a ring of protection from cold (left hand)
Wands
 x - a wand of confusion (10/48)
Scrolls
 e - a scroll of identify
 g - a scroll of fog
 h - a scroll of magic mapping
 j - 2 scrolls of remove curse
 k - 2 scrolls of teleportation
 v - a scroll of enchant weapon {unknown}
 w - a scroll of amnesia {unknown}
Books
 t - a book of Party Tricks

   Spells                             Type                      Level
   a - Summon Butterflies             Summoning                    1
   b - Apportation                    Translocation                1
   c - Tukima's Dance                 Hexes                        3
   d - Alistair's Intoxication        Transmutation/Poison         5
   e - Invisibility                   Hexes                        6


   Skills:
 - Level 2.0 Fighting
 + Level 8.9 Bows
 - Level 1.5 Dodging
 - Level 0.7 Stealth


You had 7 spell levels left.
You didn't know any spells.

Dungeon Overview and Level Annotations

Branches:
Dungeon (5/15)
 Temple: D:4-7

Altars:
Cheibriados
Dithmenos
Gozag
Kikubaaqudgha
Qazlal
Sif Muna
Yredelemnul

Shops:
D:5 ?

Annotations:
D:5 exclusion: door


Innate Abilities, Weirdness & Mutations

You do not eat or drink.
Your flesh is vulnerable to fire.
You are immune to poison.
Your flesh is cold resistant.
You are immune to negative energy.
You are immune to unholy pain and torment.
You can survive without breathing.


Message History

You are too injured to fight recklessly!
You barely miss the yak.
The yak is lightly wounded.
The yak barely misses you.
You sock the yak! You drain the yak!
The yak is heavily wounded.
The yak gores you. The yak completely misses you.
You hit the yak. You drain the yak!
The yak is severely wounded.
The yak completely misses you.
You closely miss the yak.
The yak is severely wounded.
The yak closely misses you.
You sock the yak!
The yak flickers and vanishes!
Deactivating autopickup; reactivate with Ctrl-A.
Something gores you!
You closely miss something. Something gores you. Something gores you!
* * * LOW HITPOINT WARNING * * *
You closely miss something. Something gores you!
You die...

.......#.......................+.
..##...###'###.....####.....####.
..##...##...##.....####.....####.
..##........[................#...
.............................#...
.............................#...
..###'###.########.####.......Z..
..##...#######..##.####....######
..##............@#..Z.......#
....<............#..........#
.................#..........#
.................#..........#
.................#..........#
.................#..........##
####.##...###...##...##......#
####.##...####################
#..........>..........#


There were no monsters in sight!

Vanquished Creatures
  Grinder (D:4)
  2 yaks (D:4)
  An ice beast (D:5)
  The ghost of HEYYEYAAE the Chiller, an amateur DrIE (D:3)
  A giant frog (D:4)
  Crazy Yiuf (D:3)
  2 centaur skeletons
  An iguana (D:5)
  A worker ant (D:4)
  A hound skeleton (D:4)
  Robin (D:3)
  3 gnolls
  9 adders
  5 worms
  A dart slug (D:2)
  A giant gecko (D:2)
  3 orcs
  A ball python (D:3)
  A bat zombie (D:2)
  5 giant cockroaches
  13 goblins
  8 hobgoblins
  6 jackals
  8 kobolds
  6 quokkas
  10 bats
  2 giant cockroach zombies (D:1)
  3 giant newts (D:4)
  14 rats
  3 rat zombies (D:2)
115 creatures vanquished.

Vanquished Creatures (others)
  A sky beast (D:5)
  A rat (D:2)
2 creatures vanquished.

Grand Total: 117 creatures vanquished

Notes
Turn   | Place    | Note
--------------------------------------------------------------
     0 | D:1      | Alarkh the Mummy Hunter began the quest for the Orb.
     0 | D:1      | Reached XP level 1. HP: 16/16 MP: 1/1
   207 | D:1      | Reached XP level 2. HP: 22/22 MP: 2/2
   589 | D:1      | Reached skill level 4 in Bows
   807 | D:1      | Reached XP level 3. HP: 22/27 MP: 3/3
  1060 | D:2      | Found a shadowy altar of Dithmenos.
  1094 | D:2      | Found a snail-covered altar of Cheibriados.
  1102 | D:2      | Found an opulent altar of Gozag.
  1151 | D:2      | Found a stormy altar of Qazlal.
  1294 | D:2      | Found an ancient bone altar of Kikubaaqudgha.
  1479 | D:2      | Reached XP level 4. HP: 23/33 MP: 4/4
  1886 | D:3      | Noticed Crazy Yiuf
  1892 | D:3      | Killed Crazy Yiuf
  1892 | D:3      | Reached skill level 5 in Bows
  1983 | D:3      | Reached XP level 5. HP: 38/38 MP: 5/5
  2064 | D:3      | Found a basalt altar of Yredelemnul.
  2211 | D:3      | Noticed Robin
  2219 | D:3      | Killed Robin
  2224 | D:3      | Noticed Grinder
  2322 | D:3      | Noticed HEYYEYAAE's ghost (amateur DrIE)
  2379 | D:3      | Killed HEYYEYAAE's ghost
  2379 | D:3      | Reached skill level 6 in Bows
  2429 | D:3      | Reached XP level 6. HP: 32/44 MP: 6/6
  2667 | D:4      | Paralysed by Grinder for 5 turns
  2717 | D:4      | Killed Grinder
  2839 | D:4      | Reached skill level 7 in Bows
  2932 | D:4      | Reached XP level 7. HP: 48/50 MP: 7/7
  3199 | D:5      | Entered Level 5 of the Dungeon
  3216 | D:5      | Noticed a yak
  3219 | D:5      | Noticed a yak
  3219 | D:5      | Noticed a yak
  3244 | D:5      | Noticed a yak
  3266 | D:4      | Killed a yak
  3348 | D:5      | Noticed a yak
  3486 | D:4      | Reached skill level 8 in Bows
  3555 | D:5      | Found a deep blue altar of Sif Muna.
  3578 | D:5      | Found Peisacsa's Magic Scroll Emporium.
  3954 | D:4      | Killed a yak
  3954 | D:4      | Reached XP level 8. HP: 10/56 MP: 0/8
  4314 | D:4      | Slain by a yak

Skill      XL: |  1  2  3  4  5  6  7 |
---------------+----------------------+-----
Bows           | 4 5 6 7 8 |  8.9
Fighting       | |  2.0
Dodging        | |  1.5
Stealth        | |  0.7

Action                   |  1- 3 |  4- 6 |  7- 9 || total
-------------------------+-------+-------+-------++-------
Melee: Short sword       |     7 |       |       ||     7
       Quarterstaff      |       |    13 |    86 ||    99
       Spear             |       |    26 |       ||    26
 Fire: Shortbow          |   137 |   155 |    22 ||   314
  Use: Scroll            |     1 |     3 |       ||     4
 Stab: Confused          |       |       |     1 ||     1
Armor: Leather armour    |    32 |    27 |    31 ||    90
Dodge: Dodged            |    43 |    53 |    56 ||   152
